 Dungeon Crawl Stone Soup version 0.25.1-2-g60ff931df9 (webtiles) character file.

Game seed: 8614946771371305195

1344 solopath the Sneak (level 8, -4/52 HPs)
             Began as a Formicid Earth Elementalist on Sept 29, 2020.
             Killed from afar by an orc wizard (9 damage)
             ... with a magic dart
             ... on level 4 of the Dungeon on Oct 8, 2020.
             The game lasted 00:23:27 (7234 turns).

solopath the Sneak (Formicid Earth Elementalist)    Turns: 7234, Time: 00:23:28

Health: -4/52      AC:  5    Str: 12    XL:     8   Next: 93%
Magic:  14/14      EV: 12    Int: 18    God:
Gold:   312        SH:  0    Dex: 11    Spells: 6/15 levels left

rFire    + . .     SeeInvis +   k - +2 scimitar (holy)
rCold    . . .     Gourm    .   (no shield)
rNeg     . . .     Faith    .   c - +0 robe
rPois    .         Spirit   .   (helmet unavailable)
rElec    +         Reflect  .   l - +2 cloak
rCorr    .         Harm     .   (no gloves)
MR       .....                  (no boots)
Stlth    +++.......             (no amulet)
HPRegen  0.17/turn              (no ring)
MPRegen  0.14/turn              (no ring)

@: no status effects
A: permanent stasis, dig shafts and tunnels, four strong arms, antennae 3, fire
resistance 1, electricity resistance
a: Dig, Shaft Self


You were on level 4 of the Dungeon.
You were near starving.

You visited 1 branch of the dungeon, and saw 5 of its levels.

You collected 312 gold pieces.

Inventory:

Hand Weapons
 e - a +0 dagger
 h - a +0 whip
 k - a +2 scimitar of holy wrath (weapon)
 p - a +0 dagger of flaming
Missiles
 b - 169 stones (quivered)
 w - 57 arrows
Armour
 c - a +0 robe (worn)
 l - a +2 cloak (worn)
Wands
 q - a wand of digging (8)
 r - a wand of enslavement (12)
 x - a wand of paralysis (8)
Scrolls
 a - 3 scrolls of enchant armour
 g - a scroll of remove curse
 i - 4 scrolls of identify
 j - a scroll of enchant weapon {unknown}
 m - a scroll of silence {unknown}
 s - 3 scrolls of magic mapping
 u - a scroll of amnesia
 A - 4 scrolls of fear
 D - a scroll of immolation {unknown}
Potions
 f - a potion of magic
 n - a potion of stabbing {unknown}
 o - 2 potions of curing
 t - 2 potions of brilliance {unknown}
 v - 2 potions of flight
 z - 2 potions of degeneration {unknown}
 B - a potion of resistance
 C - a potion of cancellation {unknown}
 E - a potion of lignification {unknown}
 F - 2 potions of heal wounds {unknown}
Comestibles
 d - 12 rations


   Skills:
 - Level 1.0(3.2) Short Blades
 * Level 4.9(5.0) Long Blades
 - Level 1.7 Dodging
 * Level 7.2 Stealth
 + Level 4.4 Spellcasting
 + Level 4.1 Transmutations
 + Level 6.2 Earth Magic


You had 6 spell levels left.
You knew the following spells:

 Your Spells              Type           Power        Failure   Level  Hunger
a - Sandblast             Erth           ####..       1%          1    None
b - Passwall              Tmut/Erth      ###.....     2%          2    #......
c - Petrify               Tmut/Erth      ###.....     17%         4    ####...
d - Sticks to Snakes      Tmut           ###.....     3%          2    #......

Your spell library contained the following spells:

 Spells                   Type           Power        Failure   Level  Hunger
 Beastly Appendage        Tmut           ###...       2%          1    None
 Stone Arrow              Conj/Erth      ###...       12%         3    ###....
 Spider Form              Tmut/Pois      ##........   19%         3    ###....
 Lee's Rapid Deconstruct  Erth           ####......   30%         5    ######.
 Confusing Touch          Hex            #.......     38%         3    ###....
 Gell's Gravitas          Tloc           #.........   38%         3    ###....
 Ice Form                 Ice/Tmut       ##......     52%         4    ####...
 Blade Hands              Tmut           ###.......   56%         5    ######.
 Yara's Violent Unravell  Hex/Tmut       ##........   86%         5    ######.
 Metabolic Englaciation   Hex/Ice        #.........   98%         5    ######.


Dungeon Overview and Level Annotations

Branches:
Dungeon (5/15)
 Temple: D:4-7

Altars:
Fedhas
Hepliaklqana
Nemelex Xobeh
Sif Muna
Trog
Vehumet
Xom
The Shining One

Shops:
D:5 *


Innate Abilities, Weirdness & Mutations

You cannot be hasted, slowed, berserked, paralysed or teleported.
You can dig through walls and to a lower floor.
Your four strong arms can wield two-handed weapons with a shield.
You have a pair of large antennae on your head. (SInv)
Your flesh is heat resistant. (rF+)
You are resistant to electric shocks. (rElec)


Message History

The orc wizard is severely wounded.
You are near starving!
The orc wizard barely misses you. The phantom barely misses you.
You riposte.
You closely miss the phantom. The orc wizard closely misses you.
You hit the orc wizard but do no damage.
The orc wizard is severely wounded.
The phantom hits you!
* * * LOW HITPOINT WARNING * * *
The orc wizard hits you with a +0 dagger.
* * * LOW HITPOINT WARNING * * *
Unknown command.
You barely miss the orc wizard.
The orc wizard is severely wounded.
The orc wizard hits you but does no damage.
The phantom hits you.
* * * LOW HITPOINT WARNING * * *
The phantom blinks!
The orc wizard gestures at you while chanting.
The magic dart hits you!
You die...

........# #.>.# #...[.#
.....#..### #...# ###[###
..#.......# #...# #######.###
.....#..#.###...#######.......##[
....................÷...#####.##)
....................#...##.......
.....#........W.......>.##.##.##.
#.#..##.#.#......###.##.......##.
#.#.......#.#...@###.##.......###
#.........#.#..o§#.....#.#.####
..##..###.#..###.#.#.#.#)#.#
#.##..###.#.## ##..#.......#
#.##..#.....# #..###....#######
#.##..#.#.#.## ##.......#........
......#.#.##.###.######...####.#.
#.##.......##...## ##### #.#.
..##.......###### #.#.


You could see a phantom and an orc wizard (fast).

Vanquished Creatures
  Grinder (D:4)
  Sigmund (D:3)
  Edmund (D:4)
  An ogre (D:5)
  A centaur (D:5)
  Blork the orc (D:4)
  2 orc priests (D:4)
  A jelly (D:2)
  A bullfrog zombie (D:5)
  A gnoll shaman (D:2)
  2 orc wizards
  Jessica (D:3)
  Ijyb (D:3)
  Natasha (thrice) (D:4)
  2 worker ants (D:4)
  Robin (D:2)
  9 adders
  5 gnolls
  An ooze (D:3)
  An adder skeleton (D:4)
  2 worms (D:4)
  4 dart slugs (D:2)
  5 leopard geckos
  15 orcs
  7 bats
  6 giant cockroaches
  16 hobgoblins
  A quokka (D:5)
  5 frilled lizards
  12 goblins
  A jackal skeleton (D:2)
  7 kobolds
  10 rats
128 creatures vanquished.

Notes
Turn   | Place    | Note
-------+----------+-------------------------------------------
     0 | D:1      | solopath the Formicid Earth Elementalist began the quest
                  | for the Orb.
     0 | D:1      | Reached XP level 1. HP: 13/13 MP: 3/3
   423 | D:1      | Reached XP level 2. HP: 10/19 MP: 5/5
   805 | D:1      | Learned a level 2 spell: Passwall
  1019 | D:1      | Reached skill level 3 in Stealth
  1019 | D:1      | Reached XP level 3. HP: 24/24 MP: 6/6
  1563 | D:2      | Reached skill level 1 in Short Blades
  1563 | D:2      | Reached XP level 4. HP: 30/30 MP: 5/8
  1702 | D:2      | Found a hazy altar of Hepliaklqana.
  1702 | D:2      | Found a transporter.
  1716 | D:2      | You fall into a shaft and drop 2 floors!
  1731 | D:4      | Noticed an ogre
  1763 | D:4      | Learned a level 4 spell: Petrify
  1794 | D:4      | Noticed Blork the orc
  1803 | D:4      | Killed Blork the orc
  1803 | D:4      | Reached skill level 1 in Long Blades
  1803 | D:4      | Reached XP level 5. HP: 20/35 MP: 9/9
  2210 | D:4      | Noticed Edmund
  2217 | D:4      | Killed Edmund
  2217 | D:4      | Reached skill level 4 in Stealth
  2217 | D:4      | Reached skill level 5 in Earth Magic
  2217 | D:4      | Reached XP level 6. HP: 14/41 MP: 7/10
  2697 | D:4      | Noticed Grinder
  2708 | D:4      | Killed Grinder
  2708 | D:4      | Reached skill level 5 in Stealth
  2708 | D:4      | Reached XP level 7. HP: 25/46 MP: 10/12
  3285 | D:4      | Learned a level 2 spell: Sticks to Snakes
  3303 | D:4      | Noticed Natasha
  3585 | D:3      | Noticed Ijyb
  3601 | D:3      | Killed Ijyb
  3716 | D:3      | Noticed Sigmund
  3742 | D:4      | Killed Natasha
  3807 | D:4      | Gained mutation: You are resistant to electric shocks.
                  | (rElec) [potion of mutation]
  3807 | D:4      | Gained mutation: Your flesh is heat resistant. (rF+)
                  | [potion of mutation]
  4163 | D:3      | Found a shimmering blue altar of Sif Muna.
  4163 | D:3      | Found a shimmering altar of Xom.
  4242 | D:3      | Noticed Robin
  4254 | D:2      | Reached XP level 8. HP: 21/52 MP: 13/13
  4627 | D:2      | Found a sparkling altar of Nemelex Xobeh.
  4745 | D:2      | Found a transporter.
  4760 | D:2      | Reached skill level 6 in Stealth
  4994 | D:3      | Found a blossoming altar of Fedhas.
  4994 | D:3      | Found a radiant altar of Vehumet.
  5238 | D:2      | Killed Robin
  5610 | D:3      | Killed Sigmund
  5776 | D:3      | Found a bloodstained altar of Trog.
  6063 | D:3      | Noticed Jessica
  6078 | D:3      | Killed Jessica
  6398 | D:4      | Noticed Natasha
  6404 | D:4      | Killed Natasha
  6568 | D:4      | Noticed Natasha
  6577 | D:4      | Killed Natasha
  6649 | D:5      | Entered Level 5 of the Dungeon
  6657 | D:5      | Found Fungiv's General Store.
  6661 | D:5      | Reached skill level 7 in Stealth
  7000 | D:5      | Found a glowing golden altar of the Shining One.
  7234 | D:4      | Killed from afar by an orc wizard

Illustrated notes

Levels and vault maps discovered:
D:1:      mrwooster_arrival_statue_3, layout_rooms, serial_bayou_pond_e,
          minmay_heptomino_o4
D:2:      layout_rooms, gammafunk_temple_overflow_arena,
          overflow_temple_1_default
D:3:      layout_loops_ring, grunt_temple_overflow_open,
          nicolae_overflow_hidden_temple, uniq_ijyb, uniq_jessica, uniq_sigmund,
          uniq_robin
D:4:      layout_loops_cross, first_ration, uniq_grinder, uniq_natasha,
          uniq_edmund, uniq_blork_the_orc
D:5:      layout_basic, nicolae_tso_carved_into_rock, serial_shops, shop,
          kennysheep_generic_room_9

Skill      XL: |  1  2  3  4  5  6  7  8 |
---------------+-------------------------+-----
Earth Magic    | 4 5 6 |  6.2
Stealth        | 3 4 5 7 |  7.2
Short Blades   | 1 |  1.0
Long Blades    | 1 2 3 4 |  4.9
Spellcasting   | 3 4 |  4.4
Transmutations | 2 3 4 |  4.1
Dodging        | |  1.7

Action                   |  1- 3 |  4- 6 |  7- 9 || total
-------------------------+-------+-------+-------++-------
Melee: Club              |    10 |       |       ||    10
       Whip              |     5 |       |       ||     5
       Dagger            |    64 |       |       ||    64
       Scimitar          |       |    59 |   234 ||   293
 Cast: Sandblast         |    25 |     3 |     8 ||    36
       Petrify           |       |       |     7 ||     7
       Passwall          |       |       |     2 ||     2
 Abil: Dig               |       |       |     6 ||     6
  Use: Scroll            |       |       |     8 ||     8
       Potion            |       |       |     4 ||     4
 Stab: Sleeping          |     1 |     5 |     6 ||    12
       Petrified         |       |       |    19 ||    19
  Eat: Chunk             |     2 |     4 |    15 ||    21
Armor: Robe              |    22 |    13 |    59 ||    94
Dodge: Dodged            |    69 |    31 |   180 ||   280
       Rpst.: Scimitar   |       |    13 |    50 ||    63
